 Dungeon Crawl Stone Soup version 0.26-a0-648-g87339cca5e (webtiles) character file.

Game seed: 2084347586551517177

200494 Peloso the Hoplite (level 17, -5/237 HPs)
             Began as a Minotaur Fighter on Sept 25, 2020.
             Was the Champion of Okawaru.
             Slain by an imperial myrmidon
             ... wielding a +0 scimitar
              (19 damage)
             ... in the Desolation of Salt.
             The game lasted 01:38:27 (35334 turns).

Peloso the Hoplite (Minotaur Fighter)              Turns: 35334, Time: 01:38:27

Health: -5/237     AC: 29    Str: 26    XL:     17   Next: 88%
Magic:  0/8        EV: 18    Int: 13    God:    Okawaru [******]
Gold:   2199       SH:  0    Dex: 18    Spells: 16/16 levels left

rFire    + . .     SeeInvis .   b - +4 scimitar (flame)
rCold    + + .     Faith    .   u - +0 kite shield {reflect}
rNeg     + . .     Spirit   +   K - +2 chain mail {rC+}
rPois    +         Reflect  +   g - +2 hat {MR+}
rElec    .         Harm     .   p - +1 cloak {MR+}
rCorr    .         Rampage  .   N - +2 pair of gloves
MR       +....                  B - +1 pair of boots of Ennui {Regen+ MP-9 Int+8 Slay+5}
Stlth    ..........             U - amulet of Nabriel {Spirit rPois rF+ rC+ rN+}
HPRegen  0.89/turn              (no ring)
MPRegen  0.11/turn              q - +6 ring of dexterity

@: confused, berserking, lethally poisoned (-5 -> -5), vulnerable, heroism, very
quick
A: retaliatory headbutt, horns 2
}: 1/15 runes: decaying
a: Heroism, Finesse, Renounce Religion


You were in the Desolation of Salt.
You worshipped Okawaru.
Okawaru was exalted by your worship.
You visited 6 branches of the dungeon, and saw 32 of its levels.
You also visited: Desolation.

You collected 3034 gold pieces.
You spent 835 gold pieces at shops.

Inventory:

Hand Weapons
 b - a +4 scimitar of flaming (weapon)
 T - a +0 hand crossbow
Missiles
 I - 111 bolts
Armour
 c - the +5 tower shield "Vuf Dido" {+Blink Str+8 Int-4 Stlth-}
   (Okawaru gifted it to you on level 2 of the Swamp)

   It affects your strength (+8).
   It affects your intelligence (-4).
   It lets you blink.
   It makes you less stealthy.
 g - a +2 hat of magic resistance (worn)
 p - a +1 cloak of magic resistance (worn)
 u - a +0 kite shield of reflection (worn)
 B - the +1 pair of boots of Ennui (worn) {Regen+ MP-9 Int+8 Slay+5}
   (You bought it in a shop on level 2 of the Orcish Mines)

   It affects your intelligence (+8).
   It affects your accuracy and damage with ranged weapons and melee attacks
   (+5).
   It affects your magic capacity (-9).
   It increases your rate of regeneration.
 K - a +2 chain mail of cold resistance (worn)
 N - a +2 pair of gloves (worn)
Jewellery
 h - an uncursed ring of protection from cold
 q - a +6 ring of dexterity (right hand)
 C - an uncursed ring of resist corrosion
 F - an uncursed amulet of reflection
 M - a +6 ring of strength
 U - the amulet of Nabriel (around neck) {Spirit rPois rF+ rC+ rN+}
   (You found it on level 9 of the Dungeon)

   [amulet of guardian spirit]

   It causes incoming damage to be split between your health and magic.
   It protects you from fire.
   It protects you from cold.
   It protects you from poison.
   It protects you from negative energy.
 W - an uncursed ring of protection from fire
Wands
 o - a wand of digging (2)
Scrolls
 a - a scroll of fog
 i - 6 scrolls of magic mapping
 k - 8 scrolls of remove curse
 l - 9 scrolls of identify
 t - 13 scrolls of teleportation
 y - 7 scrolls of immolation
 D - 2 scrolls of noise
 P - a scroll of blinking
 R - 4 scrolls of fear
 Z - a scroll of acquirement
Potions
 d - 5 potions of might
 f - 3 potions of flight
 r - 7 potions of curing
 x - 3 potions of haste
 z - 2 potions of heal wounds
 A - 7 potions of stabbing
 O - 2 potions of resistance
 Y - 2 potions of mutation


   Skills:
 + Level 16.0(21.0) Fighting
   Level 6.5(17.8) Short Blades
 + Level 18.0(23.4) Long Blades
 + Level 15.5(20.5) Armour
 + Level 8.4(13.4) Dodging
 + Level 3.0(8.0) Stealth
 + Level 21.1(26.1) Shields
 + Level 1.9(6.9) Unarmed Combat
 + Level 2.1 Invocations
 + Level 2.9 Evocations


You had 16 spell levels left.
You didn't know any spells.
Your spell library contained the following spells:

 Spells                   Type           Power        Failure   Level
 Apportation              Tloc           #.....       65%         1
 Corona                   Hex            #......      65%         1
 Foxfire                  Conj/Fire      #...         65%         1
 Freeze                   Ice            #...         65%         1
 Shock                    Conj/Air       #...         65%         1
 Summon Small Mammal      Summ           #...         65%         1
 Call Imp                 Summ           #.......     80%         2
 Passwall                 Tmut/Erth      #.......     80%         2
 Slow                     Hex            #.......     80%         2
 Sublimation of Blood     Necr           #.........   80%         2
 Swiftness                Air            #.......     80%         2
 Call Canine Familiar     Summ           #.......     95%         3
 Confusing Touch          Hex            #.......     95%         3
 Conjure Flame            Conj/Fire      #.......     95%         3
 Frozen Ramparts          Ice            #.....       95%         3
 Gell's Gravitas          Tloc           #.........   95%         3
 Ignite Poison            Fire/Tmut/Pois #.......     95%         3
 Inner Flame              Hex/Fire       #.......     95%         3
 Lesser Beckoning         Tloc           #.........   95%         3
 Ozocubu's Armour         Ice            #.......     95%         3
 Portal Projectile        Hex/Tloc       #.....       95%         3
 Static Discharge         Conj/Air       #.......     95%         3
 Summon Guardian Golem    Hex/Summ       #.......     95%         3
 Tukima's Dance           Hex            #.......     95%         3
 Airstrike                Air            #.........   100%        4
 Cause Fear               Hex            #.........   100%        4
 Hailstorm                Conj/Ice       #.......     100%        4
 Leda's Liquefaction      Hex/Erth       #.........   100%        4
 Passage of Golubria      Tloc           N/A          100%        4
 Petrify                  Tmut/Erth      #.......     100%        4
 Sticky Flame             Conj/Fire      #.......     100%        4
 Summon Ice Beast         Ice/Summ       #.......     100%        4
 Summon Lightning Spire   Summ/Air       #.......     100%        4
 Alistair's Intoxication  Tmut/Pois      #........    100%        5
 Bolt of Magma            Conj/Fire/Erth #.........   100%        5
 Fireball                 Conj/Fire      #.........   100%        5
 Irradiate                Conj/Tmut      #.........   100%        5
 Iskenderun's Battlesphe  Conj           #.......     100%        5
 Lee's Rapid Deconstruct  Erth           #.........   100%        5
 Lightning Bolt           Conj/Air       #.........   100%        5
 Metabolic Englaciation   Hex/Ice        #.........   100%        5
 Silence                  Hex/Air        #.........   100%        5
 Yara's Violent Unravell  Hex/Tmut       #.........   100%        5
 Conjure Ball Lightning   Conj/Air       #.........   100%        6
 Dispersal                Tloc           #.........   100%        6
 Eringya's Noxious Bog    Tmut/Pois      #.........   100%        6
 Invisibility             Hex            #.......     100%        6
 Iron Shot                Conj/Erth      #.........   100%        6
 Orb of Destruction       Conj           #.........   100%        7
 Spellforged Servitor     Conj/Summ      #.........   100%        7
 Chain Lightning          Conj/Air       #.........   100%        8
 Disjunction              Tloc           #.........   100%        8
 Lehudib's Crystal Spear  Conj/Erth      #.........   100%        8
 Absolute Zero            Ice            #.........   100%        9
 Fire Storm               Conj/Fire      #.........   100%        9
 Tornado                  Air            #.........   100%        9


Dungeon Overview and Level Annotations

Branches:
Dungeon (15/15)            Temple (0/1) D:5            Lair (6/6) D:10
  Swamp (4/4) Lair:3        Snake (3/4) Lair:4        Slime (0/5) Lair:6
    Orc (2/2) D:10            Elf (2/3) Orc:2        Vaults (0/5) D:14
 Depths (0/5) D:15        Desolation (1/1)

Altars:
Elyvilon
Kikubaaqudgha
Okawaru
Ru
Uskayaw
Vehumet
Xom
The Shining One
Beogh
Jiyva

Shops:
D:14 }=   D:15 [   Orc:2 [?:[:[}   Snake:3 :

Portals:
Trove: D:10 (give +2 storm dragon scales)

Annotations:
D:11 Casa
Swamp:3 3 runed translucent doors, smajdalf's ghost, adept TeAE


Innate Abilities, Weirdness & Mutations

You reflexively headbutt those who attack you in melee.
You have a pair of horns on your head.


Message History

You slice the ironbrand convoker!! You burn the ironbrand convoker!
You headbutt the ironbrand convoker!
The ironbrand convoker is almost dead.
The imperial myrmidon hits you with a +0 scimitar.
* * * LOW HITPOINT WARNING * * *
The ironbrand convoker hits you with a +0 morningstar!
* * * LOW HITPOINT WARNING * * *
The servant of whispers hits you but does no damage.
The saltling completely misses you.
You slice the ironbrand convoker!! You burn the ironbrand convoker!
The ironbrand convoker is almost dead.
The servant of whispers hits you but does no damage.
Unknown command.
You closely miss the ironbrand convoker.
You headbutt the ironbrand convoker.
You kill the ironbrand convoker!
Okawaru accepts your kill.
You feel sick.
The imperial myrmidon hits you with a +0 scimitar!!
You die...

..................
.....................
.....................
....................
....................
.......S.............
....#.)8p.......#....
......)@........#....
......ppp............
.....................
...........∩.∩.......
.....................
.....................
.....................
....................#
.......##...........


You could see 2 servants of whispers, an imperial myrmidon (strong), an
ironbrand convoker, a guardian serpent (strong) and a saltling (strong).

Vanquished Creatures
  Jorgrun (Orc:2)
  Rupert (Orc:2)
  Kirke (D:15)
  3 thorn hunters
  A nagaraja (Snake:2)
  Agnes (D:15)
  Aizul (Swamp:2)
  An orc warlord (Orc:1)
  A ragged hierophant (Desolation)
  A fire dragon (D:14)
  2 ogre magi (Orc:2)
  2 ghost crabs
  A servant of whispers (Desolation)
  Erolcha (D:9)
  9 naga warriors
  3 vault guards (D:14)
  A death knight (D:12)
  9 anacondas
  A peacekeeper (Desolation)
  28 hydras
  2 centaur warriors
  Erica (D:8)
  4 shambling mangroves
  2 dancing weapons (Elf:2)
  6 two-headed ogres
  12 alligators
  4 tengu warriors
  3 shock serpents
  3 naga sharpshooters (Snake:1)
  Nergalle (Orc:2)
  A deep elf knight (Elf:2)
  3 spriggan druids
  A glowing orange brain (D:15)
  2 unseen horrors
  3 naga ritualists
  2 orc knights
  3 ironbrand convokers (Desolation)
  10 swamp dragons
  Pikel (D:4)
  12 deep elf magi
  An ugly thing (D:15)
  A deep elf archer (Elf:1)
  11 orc sorcerers
  A wolf spider (Lair:6)
  7 salamanders
  5 mana vipers
  4 oklob plants (Lair:4)
  3 cyclopes
  A manticore (D:13)
  3 elephants (Lair:5)
  32 black mambas
  A black mamba (shapeshifter) (D:13)
  Psyche (D:8)
  6 naga magi
  Joseph (D:7)
  5 guardian serpents
  A torpor snail (Lair:4)
  2 centaur zombies (D:14)
  23 cane toads
  3 centaur skeletons
  A kobold demonologist (D:12)
  2 rime drakes
  An efreet (D:8)
  4 komodo dragons
  7 meliai
  8 trolls
  A jumping spider (shapeshifter) (D:15)
  3 saltlings (Desolation)
  Grinder (D:4)
  3 polar bears
  8 tyrant leeches
  A blink frog (shapeshifter) (D:15)
  26 slime creatures
  3 bog bodies
  13 hornets
  18 blink frogs
  12 hippogriffs
  A water elemental (D:14)
  A spriggan (shapeshifter) (D:15)
  A tarantella (shapeshifter) (D:15)
  2 shadows
  12 wyverns
  3 redbacks (Lair:6)
  4 spriggans
  8 humans (D:14)
  18 yaks
  4 wraiths
  A basilisk (Lair:5)
  33 vampire mosquitoes
  3 wargs (Orc:1)
  20 swamp worms
  36 nagas
  2 acid dragons
  A soldier ant (D:12)
  17 insubstantial wisps
  10 porcupines
  16 swamp drakes
  20 water moccasins
  23 orc warriors
  5 ice beasts
  5 sky beasts
  4 phantoms
  2 black bears
  13 ogres
  5 centaurs
  A necrophage (D:12)
  12 wolves
  11 crocodiles
  A lemure (D:4)
  A big kobold (D:7)
  18 bullfrogs
  A water moccasin zombie (D:8)
  4 scorpions
  18 killer bees
  11 wights
  11 howler monkeys
  10 electric eels
  3 bullfrog zombies
  18 orc priests
  2 bullfrog skeletons
  5 hounds
  6 jellies
  5 iguanas
  37 orc wizards
  14 worker ants
  4 hell rats (Lair:6)
  A hound skeleton (D:10)
  2 worker ant zombies
  10 adders
  4 gnolls (D:7)
  A shadow imp (D:6)
  5 white imps
  An ufetubus (D:10)
  2 oozes
  7 worms
  3 dart slugs
  7 leopard geckos
  87 orcs
  4 giant cockroaches
  12 goblins
  6 hobgoblins
  18 jackals
  4 quokkas
  10 bats
  7 frilled lizards
  13 kobolds
  A leopard gecko zombie (D:5)
  11 rats
  2 briar patches (Swamp:4)
1050 creatures vanquished.

Vanquished Creatures (others)
  A vault guard (D:14)
  A deep elf mage (Elf:1)
  A hornet (Swamp:4)
  3 slime creatures
  A raiju (shapeshifter) (D:15)
  A human (D:15)
  38 fungi
  68 plants
114 creatures vanquished.

Grand Total: 1164 creatures vanquished

Notes
Turn   | Place    | Note
-------+----------+-------------------------------------------
     0 | D:1      | Peloso the Minotaur Fighter began the quest for the Orb.
     0 | D:1      | Reached XP level 1. HP: 19/19 MP: 0/0
   313 | D:1      | Reached XP level 2. HP: 27/27 MP: 1/1
   762 | D:1      | Reached skill level 4 in Shields
   973 | D:2      | Reached XP level 3. HP: 27/34 MP: 2/2
  1188 | D:2      | Found a shimmering altar of Xom.
  1189 | D:2      | Found a shimmering altar of Xom.
  1201 | D:2      | Found a shimmering altar of Xom.
  1231 | D:2      | Reached XP level 4. HP: 18/41 MP: 3/3
  1241 | D:2      | Found a hide-covered altar of Uskayaw.
  2576 | D:3      | Reached skill level 1 in Dodging
  2576 | D:3      | Reached XP level 5. HP: 13/47 MP: 1/4
  3289 | D:3      | Found an iron altar of Okawaru.
  3432 | D:3      | Became a worshipper of Warmaster Okawaru
  3966 | D:4      | Noticed a lemure
  3980 | D:4      | Reached skill level 5 in Shields
  3980 | D:4      | Reached XP level 6. HP: 55/55 MP: 5/5
  4130 | D:4      | Noticed Pikel
  4148 | D:4      | Killed Pikel
  4148 | D:4      | Reached skill level 5 in Fighting
  4148 | D:4      | Reached skill level 5 in Armour
  4148 | D:4      | Reached XP level 7. HP: 39/61 MP: 6/6
  4165 | D:4      | Reached skill level 6 in Shields
  4536 | D:4      | Reached XP level 8. HP: 55/69 MP: 4/7
  4709 | D:4      | Found a sacrificial altar of Ru.
  4782 | D:4      | Reached * piety under Okawaru
  4905 | D:4      | Noticed Grinder
  4915 | D:4      | Killed Grinder
  4915 | D:4      | Reached skill level 1 in Stealth
  5061 | D:5      | Entered Level 5 of the Dungeon
  5099 | D:5      | Reached skill level 1 in Unarmed Combat
  5136 | D:5      | Found a staircase to the Ecumenical Temple.
  5202 | D:5      | Reached skill level 7 in Shields
  5554 | D:5      | Reached XP level 9. HP: 73/78 MP: 6/8
  5636 | D:5      | Found a white marble altar of Elyvilon.
  6074 | D:6      | You fall into a shaft and drop 3 floors!
  6307 | D:7      | Reached ** piety under Okawaru
  6482 | D:7      | Noticed Joseph
  6871 | D:7      | Killed Joseph
  6871 | D:7      | Reached skill level 1 in Evocations
  7135 | D:7      | Reached skill level 8 in Shields
  7963 | D:6      | Got an ichor-stained short sword
  7964 | D:6      | Identified the +7 short sword "Berejou" {vorpal, Int+6}
                  | (You found it on level 6 of the Dungeon)
  8078 | D:6      | Reached skill level 1 in Invocations
  8270 | D:8      | Reached *** piety under Okawaru
  8270 | D:8      | Reached XP level 10. HP: 73/86 MP: 9/9
  8356 | D:8      | Reached skill level 1 in Short Blades
  8383 | D:8      | Killed an unseen horror
  8383 | D:8      | Reached skill level 9 in Shields
  8534 | D:8      | Noticed Psyche
  8541 | D:8      | Killed Psyche
  8541 | D:8      | Reached **** piety under Okawaru
  8730 | D:8      | Noticed a deep elf mage
  8738 | D:8      | Killed a deep elf mage
  8867 | D:8      | Got a crude war axe
  8868 | D:8      | Identified the cursed +0 war axe of Gin and Tonic {vorpal,
                  | *Drain Str+6 Dex+8} (You found it on level 8 of the
                  | Dungeon)
  8998 | D:8      | Reached skill level 10 in Shields
  9117 | D:8      | Noticed Erica
  9129 | D:8      | Killed Erica
  9129 | D:8      | Reached skill level 5 in Short Blades
  9368 | D:8      | Found a radiant altar of Vehumet.
  9653 | D:9      | Noticed Erolcha
  9658 | D:9      | Found a glowing golden altar of the Shining One.
  9665 | D:9      | Killed Erolcha
  9665 | D:9      | Reached ***** piety under Okawaru
  9949 | D:9      | Got a shimmering crystal amulet
  9960 | D:9      | Identified the amulet of Nabriel {Spirit rPois rF+ rC+ rN+}
                  | (You found it on level 9 of the Dungeon)
 10186 | D:10     | Entered Level 10 of the Dungeon
 10195 | D:10     | Reached XP level 11. HP: 94/94 MP: 10/10
 10198 | D:10     | Found a portal to a secret trove of treasure.
 10462 | D:10     | Noticed a two-headed ogre
 10592 | D:10     | Received a gift from Okawaru
 10592 | D:10     | Reached skill level 10 in Long Blades
 10593 | D:10     | Found the +2 robe of Vines {NoPotionHeal Regen+7}
 10786 | D:10     | Killed an unseen horror
 10908 | D:10     | Reached skill level 10 in Armour
 11058 | D:10     | Reached skill level 11 in Shields
 11313 | D:10     | Found a staircase to the Orcish Mines.
 11402 | D:10     | Killed a two-headed ogre
 11707 | D:10     | Found a staircase to the Lair.
 12719 | Lair:1   | Entered Level 1 of the Lair of Beasts
 12937 | Lair:1   | Reached XP level 12. HP: 102/105 MP: 11/11
 13531 | Lair:2   | Noticed a seven-headed hydra
 13540 | Lair:2   | Killed a two-headed hydra
 13551 | Lair:2   | Reached ****** piety under Okawaru
 13557 | Lair:2   | Reached skill level 12 in Shields
 13737 | Lair:2   | You fall into a shaft and drop 1 floor!
 13849 | Lair:3   | Found a staircase to the Swamp.
 13897 | Lair:3   | Reached skill level 10 in Fighting
 14347 | Lair:3   | Noticed an eight-headed hydra
 14359 | Lair:3   | Killed a three-headed hydra
 14717 | Lair:3   | Received a gift from Okawaru
 14771 | Lair:3   | You fall into a shaft and drop 3 floors!
 14771 | Lair:6   | Entered Level 6 of the Lair of Beasts
 14979 | Lair:6   | Reached skill level 5 in Dodging
 15137 | Lair:4   | Noticed a four-headed hydra
 15153 | Lair:5   | Killed a two-headed hydra
 15153 | Lair:5   | Reached skill level 13 in Shields
 15427 | Lair:5   | Reached XP level 13. HP: 94/114 MP: 10/12
 15719 | Lair:4   | Found a staircase to the Snake Pit.
 15888 | Lair:4   | Got an ichor-stained hand axe
 15889 | Lair:4   | Identified the +3 hand axe "Vuonud" {vorpal, Str+2} (You
                  | found it on level 4 of the Lair of Beasts)
 16054 | Lair:4   | Received a gift from Okawaru
 16713 | Lair:4   | Got a bound brass ring
 16715 | Lair:4   | Identified the ring "Lazxiv" {rPois MP+9} (You found it on
                  | level 4 of the Lair of Beasts)
 17636 | Lair:2   | Received a gift from Okawaru
 18664 | Lair:6   | Reached skill level 14 in Shields
 19369 | Lair:6   | Reached XP level 14. HP: 104/125 MP: 12/14
 19757 | Lair:6   | Found a viscous altar of Jiyva.
 19757 | Lair:6   | Found a staircase to the Slime Pits.
 20345 | D:12     | Reached skill level 15 in Shields
 20558 | D:12     | Received a gift from Okawaru
 20583 | D:12     | Got a twisted double sword {god gift}
 20584 | D:12     | Identified the +6 double sword "Wiph" {pain, *Drain Str+5
                  | Dex+5} (Okawaru gifted it to you on level 12 of the
                  | Dungeon)
 21412 | D:12     | Reached skill level 15 in Long Blades
 21508 | Orc:1    | Entered Level 1 of the Orcish Mines
 21537 | Orc:1    | Noticed an orc warlord
 21566 | Orc:1    | Killed an orc warlord
 21950 | Orc:2    | Entered Level 2 of the Orcish Mines
 21966 | Orc:2    | Found Oxy Em Wegg's Book Boutique.
 22010 | Orc:2    | Noticed Rupert
 22014 | Orc:2    | Found Rigatekh's Antique Armour Shoppe.
 22031 | Orc:2    | Killed Rupert
 22073 | Orc:2    | Received a gift from Okawaru
 22248 | Orc:2    | Found Unaalil's Gadget Shop.
 22254 | Orc:2    | Noticed Jorgrun
 22270 | Orc:2    | Killed Jorgrun
 22327 | Orc:2    | Bought a wand of digging (6) for 260 gold pieces
 22468 | Orc:2    | Found Mixyisu's Book Boutique.
 22522 | Orc:2    | Found a radiant altar of Vehumet.
 22547 | Orc:2    | Reached skill level 16 in Shields
 22574 | Orc:2    | Noticed Nergalle
 22584 | Orc:2    | Killed Nergalle
 22591 | Orc:2    | Found Kaskupt's Magic Scroll Shop.
 22591 | Orc:2    | Found a roughly hewn altar of Beogh.
 22610 | Orc:2    | Found Ryesicij's Antique Armour Boutique.
 22644 | Orc:2    | Bought a scroll of teleportation for 42 gold pieces
 22644 | Orc:2    | Bought a scroll of enchant weapon for 105 gold pieces
 22644 | Orc:2    | Bought a scroll of enchant armour for 105 gold pieces
 22644 | Orc:2    | Bought a scroll of identify for 28 gold pieces
 22644 | Orc:2    | Bought a scroll of silence for 105 gold pieces
 22653 | Orc:2    | Bought a pair of fine boots for 190 gold pieces
 22664 | Orc:2    | Identified the +1 pair of boots of Ennui {Regen+ MP-9 Int+8
                  | Slay+5} (You bought it in a shop on level 2 of the Orcish
                  | Mines)
 22678 | Orc:2    | Found an ancient bone altar of Kikubaaqudgha.
 22734 | Orc:2    | Found Nurphuar's Antique Armour Shop.
 22981 | Orc:2    | Found a staircase to the Elven Halls.
 24226 | D:14     | Reached XP level 15. HP: 134/134 MP: 6/15
 24368 | D:14     | Received a gift from Okawaru
 24412 | D:14     | Found Sesaown's Jewellery Boutique.
 24449 | D:14     | Found Moil's Gadget Boutique.
 24920 | D:14     | Found a gate to the Vaults.
 25298 | D:15     | Entered Level 15 of the Dungeon
 25343 | D:15     | Identified the cursed +3 long sword of the Tired Coins
                  | {vorpal, *Slow +Blink MP+9 Str+8} (You found it on level 15
                  | of the Dungeon)
 25404 | D:15     | Found Urpheq Ilam's Antique Armour Emporium.
 25751 | D:15     | Noticed Agnes
 25764 | D:15     | Killed Agnes
 26309 | D:15     | Noticed Kirke
 26326 | D:15     | Killed Kirke
 26330 | D:15     | Found a staircase to the Depths.
 27019 | Swamp:1  | Entered Level 1 of the Swamp
 27438 | Swamp:1  | Received a gift from Okawaru
 27615 | Swamp:1  | Identified the +5 rapier "Vaupaka" {pain, *Noise rC++
                  | Dex+6} (You found it on level 1 of the Swamp)
 27738 | Swamp:1  | Reached skill level 17 in Shields
 28304 | Swamp:2  | Noticed Aizul
 28546 | Swamp:2  | Killed Aizul
 28625 | Swamp:2  | Reached XP level 16. HP: 146/146 MP: 7/16
 29087 | Swamp:2  | Noticed a thorn hunter
 29094 | Swamp:2  | Killed a thorn hunter
 29094 | Swamp:2  | Received a gift from Okawaru
 29103 | Swamp:2  | Got a transparent tower shield {god gift}
 29109 | Swamp:2  | Identified the +5 tower shield "Vuf Dido" {+Blink Str+8
                  | Int-4 Stlth-} (Okawaru gifted it to you on level 2 of the
                  | Swamp)
 29401 | Swamp:3  | Reached skill level 18 in Shields
 29559 | Swamp:3  | Found a runed translucent gate.
 29560 | Swamp:3  | Found a runed translucent gate.
 29578 | Swamp:3  | Found a runed translucent gate.
 29582 | Swamp:3  | Noticed smajdalf's ghost (adept TeAE)
 30243 | Swamp:4  | Entered Level 4 of the Swamp
 30487 | Swamp:3  | Reached skill level 19 in Shields
 30648 | Swamp:4  | Reached skill level 15 in Fighting
 30691 | Swamp:4  | Received a gift from Okawaru
 30706 | Swamp:4  | Identified the -7 kite shield of the Ward {rN+ Int+4 Dex-4}
                  | (Okawaru gifted it to you on level 4 of the Swamp)
 30806 | Swamp:4  | Noticed a thorn hunter
 30817 | Swamp:4  | Killed a thorn hunter
 30873 | Swamp:4  | Noticed a thorn hunter
 30887 | Swamp:4  | Killed a thorn hunter
 30895 | Swamp:4  | Reached skill level 15 in Armour
 31145 | Swamp:4  | Got a decaying rune of Zot
 31527 | Snake:1  | Entered Level 1 of the Snake Pit
 31555 | Snake:1  | Reached XP level 17. HP: 139/156 MP: 5/17
 32116 | Snake:1  | Reached skill level 20 in Shields
 32662 | Snake:2  | Received a gift from Okawaru
 32929 | Snake:2  | Identified the +5 morningstar of the Bear {freeze, SInv}
                  | (You found it on level 2 of the Snake Pit)
 34139 | Snake:3  | Found Cexaufug's Book Emporium.
 34247 | Snake:3  | Identified a scroll of acquirement
 34980 | Elf:1    | Entered Level 1 of the Elven Halls
 35186 | Elf:1    | Reached skill level 21 in Shields
 35191 | Elf:1    | You fall into a shaft and drop 1 floor!
 35234 | Elf:2    | Found a ruined gateway.
 35243 | Desolati | Entered the Desolation of Salt
 35334 | Desolati | Slain by an imperial myrmidon

Illustrated notes

Levels and vault maps discovered:
D:1:      onia_arrival_mini_maze_b, layout_basic
D:2:      layout_basic, lemuel_crystal_altar, xom_redecorated, serial_bayou,
          serial_bayou_lagoon_a, serial_bayou_pond_a, serial_bayou_pond_e,
          serial_bayou_lagoon_b
D:3:      layout_basic, lemuel_crystal_altar
D:4:      layout_basic, marbit_many_paths, minmay_ogre_servants, uniq_grinder,
          uniq_pikel
D:5:      layout_basic, elyvilon_altar_5, minmay_temple_entry_wispy,
          minmay_quadrilaterals
D:6:      layout_rooms
D:7:      layout_layer_cave, uniq_joseph
D:8:      minmay_opposing_rooms, layout_loops_ring,
          lemuel_coloured_pillars_altar, uniq_erica, uniq_psyche
D:9:      layout_roguey, tso_metal_star, uniq_erolcha
D:10:     nrook_guardian_serpent_snake_passage, layout_basic, lair_entry_dummy,
          david_orc_4, nicolae_trove_entry_free_sample
D:11:     layout_long_grid
D:12:     layout_grid_maze
D:13:     layout_roguey
D:14:     kennysheep_room_grid, layout_loops_ring, ximxim_vaults_locker_room,
          minivault_14, serial_shops, shop, nicolae_shop_stone
D:15:     gammafunk_enter_depths_forms, layout_basic, serial_shops, shop,
          hangedman_decor_push, uniq_agnes, uniq_kirke
Lair:1:   layout_cave_pods, lemuel_fruit_fields, lemuel_fruit_tree
Lair:2:   cheibrodos_lair_river_kwai, layout_hall_layers
Lair:3:   layout_cave_pods, minmay_swamp_entry_wisps
Lair:4:   layout_regular_city, guppyfry_snake_entry_island,
          chequers_serial_rivers_room_b, minmay_lair_oklob_chamber,
          grunt_megastairs_4, lemuel_fruit_fields
Lair:5:   layout_layer_cave, beast_lair_carwin_11, grunt_megastairs_1
Lair:6:   hangedman_lair_tendril_chambers, layout_misc_corridors, slime_altar_1
Swamp:1:  layout_basic_swamp, evilmike_swamp_ruin_house_1
Swamp:2:  layout_falls_marsh, hangedman_swamp_pad, uniq_aizul
Swamp:3:  layout_basic_swamp, ebering_ghost_rock_garden,
          evilmike_swamp_ruin_house_2, swamp_pool1, cheibrodos_swamp_slimy
Swamp:4:  swamp, layout_basic_swamp, swamp_pool4
Snake:1:  layout_rooms, st_stairs_14
Snake:2:  layout_chambers
Snake:3:  layout_cave_town, serial_shops, shop, st_stairs_4
Orc:1:    layout_caves
Orc:2:    kennysheep_orc_mage_school, layout_diamond_mine, serial_shops,
          shop_coins, shop, nicolae_shop_temple_entry_statues_fountains,
          uniq_jorgrun, uniq_rupert
Elf:1:    minmay_elf_arrival_summoners, layout_geoelf_diagonals,
          minmay_elf_annihilation
Elf:2:    layout_geoelf_grid, portal_desolation_entry_ruin,
          roderic_lattice_octagonal_star
Desolation

Skill      XL: |  1  2  3  4  5  6  7  8  9 10 11 12 13 14 15 16 17 |
---------------+----------------------------------------------------+-----
Fighting       | 4 5 6 7 8 9 10 11 12 14 15 16 | 16.0
Shields        | 4 5 6 7 8 10 11 13 14 16 17 19 21 | 21.1
Armour         | 4 5 6 7 8 9 10 11 12 13 14 15 | 15.5
Long Blades    | 3 4 6 7 8 9 11 13 14 16 17 18 | 18.0
Dodging        | 1 2 3 4 5 6 7 8 |  8.4
Stealth        | 1 2 3 |  3.0
Unarmed Combat | 1 |  1.9
Evocations     | 1 2 |  2.9
Invocations    | 1 2 |  2.1
Short Blades   | 6 |  6.5

Action                   |  1- 3 |  4- 6 |  7- 9 | 10-12 | 13-15 | 16-18 || total
-------------------------+-------+-------+-------+-------+-------+-------++-------
Melee: Long sword        |    93 |   152 |   223 |       |       |       ||   468
       Headbutt          |    13 |    32 |    78 |   163 |   373 |   311 ||   970
       Unarmed           |       |       |    19 |       |       |       ||    19
       Short sword       |       |       |    43 |   121 |       |       ||   164
       Scimitar          |       |       |       |   475 |   558 |   805 ||  1838
       Double sword      |       |       |       |       |   567 |       ||   567
Invok: Heroism           |       |       |     2 |     1 |    11 |     2 ||    16
Evoke: Wand              |       |       |     5 |    22 |     5 |       ||    32
  Use: Potion            |       |     4 |     2 |       |     2 |     4 ||    12
       Scroll            |       |       |     5 |    15 |    17 |     8 ||    45
 Stab: Confused          |       |       |     3 |       |       |       ||     3
Armor: Scale mail        |    45 |    32 |       |       |       |       ||    77
       Chain mail        |       |    31 |   101 |   124 |   440 |   322 ||  1018
       Skin              |       |       |     1 |       |       |       ||     1
       Plate armour      |       |       |       |   130 |    13 |       ||   143
Dodge: Dodged            |    55 |    46 |    95 |   183 |   492 |   282 ||  1153
Block: Kite shield       |    71 |    85 |   230 |   413 |   931 |   164 ||  1894
       Reflection        |       |       |     8 |    10 |     5 |     7 ||    30
       Tower shield      |       |       |       |       |       |  1087 ||  1087
       Rpst.: Long sword |    14 |     9 |    11 |       |       |       ||    34
       Scimitar          |       |       |       |    38 |    73 |    42 ||   153
       Double sword      |       |       |       |       |    33 |       ||    33

Table legend: (Time is in decaauts)
 A = Elapsed time spent in this place.
 B = Non-inter-level travel time spent in this place.
 C = Inter-level travel time spent in this place.
 D = Time resting spent in this place.
 E = Time spent auto-exploring this place.
 F = Levels seen in this place.
 G = Mean time per level.
                   A        B        C        D        E       F      G
               +--------+--------+--------+--------+--------+-----+--------+
         Total |  35209 |  32963 |   2246 |   3558 |  21580 |  33 | 1066.9 |
       Dungeon |  17770 |  16548 |   1222 |   1366 |  11118 |  15 | 1184.7 |
          Lair |   7959 |   7316 |    643 |   1504 |   4541 |   6 | 1326.5 |
         Swamp |   4253 |   4104 |    149 |    501 |   2558 |   4 | 1063.2 |
     Snake Pit |   2804 |   2712 |     92 |      0 |   2093 |   3 |  934.7 |
  Orcish Mines |   2092 |   1953 |    139 |    187 |   1177 |   2 | 1046.0 |
   Elven Halls |    250 |    250 |      0 |      0 |     93 |   2 |  125.0 |
    Desolation |     78 |     78 |      0 |      0 |      0 |   1 |   78.0 |
               +--------+--------+--------+--------+--------+-----+--------+

Top non-repeatable levels by time:
    D:10: 2144 daAuts
  Lair:4: 1831 daAuts
     D:2: 1717 daAuts
  Lair:3: 1546 daAuts
  Lair:6: 1374 daAuts
     D:7: 1362 daAuts
   Orc:2: 1358 daAuts
     D:3: 1353 daAuts
     D:8: 1350 daAuts
    D:11: 1338 daAuts
 Snake:2: 1289 daAuts
 Swamp:3: 1247 daAuts
  Lair:5: 1213 daAuts
    D:15: 1212 daAuts
    D:12: 1182 daAuts
